EL
COLUMBIA FIREFLIES @ TULSA DRILLERS
07/31/2048
 
TOP OF THE 1ST
Columbia Fireflies batting - Pitching for Tulsa Drillers : LHP Jonathan Daniels
Pitching: LHP Jonathan Daniels
Batting: RHB Omar Novoa 0-0: Called Strike
0-1: Ball
1-1: Foul Ball, location: 2F
1-2: Ball
2-2: Ball
3-2: Foul Ball, location: 2F
3-2: Foul Ball, location: 2F
3-2: Foul Ball, location: 2F
3-2: Ground out 3-1 (Groundball, 34, EV 88.8 MPH)
Batting: RHB Elias Urbina 0-0: Called Strike
0-1: Ball
1-1: Fly out, F4 (Popup, 4MS, EV 80.0 MPH)
Batting: SHB Masatoshi Akahoshi 0-0: Called Strike
0-1: Ball
1-1: Ball
2-1: Called Strike
2-2: Ground out U3 (Groundball, 34S, EV 81.2 MPH)
Top of the 1st over - 0 runs, 0 hits, 0 errors, 0 left on base; Columbia 0 - Tulsa 0
BOTTOM OF THE 1ST
Tulsa Drillers batting - Pitching for Columbia Fireflies : RHP Jose Esquibel
Pitching: RHP Jose Esquibel
Batting: RHB Josh Crenwelge 0-0: Ball
1-0: Foul Ball, location: 2F
1-1: Foul Ball, location: 2F
1-2: Ground out 4-3 (Groundball, 4M, EV 83.8 MPH)
Batting: LHB Kevin Wiebe 0-0: Ball
1-0: Foul Ball, location: 2F
1-1: Swinging Strike
1-2: Ball
2-2: Ball
3-2: Foul Ball, location: 2F
3-2: Base on Balls
Batting: SHB Justin Toth 0-0: Ball
1-0: Foul Ball, location: 2F
1-1: Reached on error, E3 (Groundball, 3L, EV 85.0 MPH)
Kevin Wiebe to second
Batting: RHB Jonathan Kirsch 0-0: SINGLE (Groundball, 4D, EV 101.9 MPH)
Kevin Wiebe to third
Justin Toth to second
Runner from 3rd tries for Home, throw by RF and OUT! 9-2
Batting: RHB Aaron Burress 0-0: SINGLE (Line Drive, 8LS, EV 101.9 MPH)
Justin Toth to third
Jonathan Kirsch to second
Runner from 3rd tries for Home, throw by CF and OUT! 8-2
Bottom of the 1st over - 0 runs, 2 hits, 1 error, 2 left on base; Columbia 0 - Tulsa 0
TOP OF THE 2ND
Columbia Fireflies batting - Pitching for Tulsa Drillers : LHP Jonathan Daniels
Batting: RHB Masaya Nakamura 0-0: Ball
1-0: Foul Ball, location: 2F
1-1: SINGLE (Groundball, 56D, EV 102.5 MPH)
Batting: SHB Justin Wallace 0-0: Foul Ball, location: 2F
0-1: Fly out, F8 (Flyball, 8RD, EV 84.4 MPH)
Batting: RHB Jose Lara 0-0: Ball
1-0: Ground out 3-1 (Groundball, 34S, EV 83.1 MPH)
Masaya Nakamura to second
Batting: LHB Tony Leyba 0-0: Foul Ball, location: 2F
0-1: Called Strike
0-2: Ball
1-2: Fly out, F7 (Flyball, 7D, EV 103.1 MPH)
Top of the 2nd over - 0 runs, 1 hit, 0 errors, 1 left on base; Columbia 0 - Tulsa 0
BOTTOM OF THE 2ND
Tulsa Drillers batting - Pitching for Columbia Fireflies : RHP Jose Esquibel
Batting: RHB Tony Rivera 0-0: Called Strike
0-1: Ball
1-1: Ball
2-1: Foul Ball, location: 2F
2-2: Foul Ball, location: 2F
2-2: Hit by Pitch
Batting: RHB Daniel Samano 0-0: Foul Ball, location: 2F
0-1: Ball
Tony Rivera steals 2nd base
1-1: Foul Ball, location: 2F
1-2: Ball
2-2: Ball
Wild Pitch!
Tony Rivera to third
3-2: Foul Ball, location: 2F
3-2: Fly out, F4 (Line Drive, 4, EV 69.4 MPH)
Batting: RHB Nick Getz 0-0: Ground out 4-3 (Groundball, 4, EV 89.4 MPH)
Tony Rivera scores
Batting: RHB Kyle Garrett 0-0: Ball
1-0: SINGLE (Groundball, 56D, EV 93.8 MPH)
Batting: RHB Josh Crenwelge Pickoff Throw to First - Out! 1-3
Bottom of the 2nd over - 1 run, 1 hit, 0 errors, 0 left on base; Columbia 0 - Tulsa 1
TOP OF THE 3RD
Columbia Fireflies batting - Pitching for Tulsa Drillers : LHP Jonathan Daniels
Batting: RHB Dan Muse 0-0: Ball
1-0: Called Strike
1-1: Foul Ball, location: 2F
1-2: Ground out 4-3 (Groundball, 4, EV 85.0 MPH)
Batting: LHB Preston Knaak 0-0: Called Strike
0-1: Ball
1-1: Called Strike
1-2: Ball
2-2: Foul Ball, location: 2F
2-2: Foul Ball, location: 2F
2-2: Foul Ball, location: 2F
2-2: DOUBLE (Line Drive, 9LM, EV 107.5 MPH)
Batting: RHB Omar Novoa 0-0: Ground out 5-3 (Groundball, 56, EV 106.9 MPH)
Batting: RHB Elias Urbina 0-0: Called Strike
0-1: Ball
1-1: Called Strike
1-2: Ball
2-2: Strikes out swinging
Top of the 3rd over - 0 runs, 1 hit, 0 errors, 1 left on base; Columbia 0 - Tulsa 1
BOTTOM OF THE 3RD
Tulsa Drillers batting - Pitching for Columbia Fireflies : RHP Jose Esquibel
Batting: RHB Josh Crenwelge 0-0: Called Strike
0-1: Called Strike
0-2: Ball
1-2: Strikes out looking
Batting: LHB Kevin Wiebe 0-0: Ball
1-0: Ball
2-0: Foul Ball, location: 2F
2-1: Ball
3-1: Called Strike
3-2: Foul Ball, location: 2F
3-2: Foul Ball, location: 2F
3-2: Base on Balls
Batting: SHB Justin Toth 0-0: SINGLE (Groundball, 34D, EV 95.0 MPH)
Kevin Wiebe to second
Runner from 2nd tries for 3rd, SAFE, throw by RF made to third
Batting: RHB Jonathan Kirsch 0-0: Called Strike
Justin Toth is caught stealing 2nd base 2-4
0-1: Ball
1-1: Ball
2-1: Ball
3-1: Called Strike
3-2: Foul Ball, location: 2F
3-2: Foul Ball, location: 2F
3-2: Ground out 6-3 (Groundball, 6, EV 88.8 MPH)
Bottom of the 3rd over - 0 runs, 1 hit, 0 errors, 1 left on base; Columbia 0 - Tulsa 1
TOP OF THE 4TH
Columbia Fireflies batting - Pitching for Tulsa Drillers : LHP Jonathan Daniels
Batting: SHB Masatoshi Akahoshi 0-0: Ball
1-0: Ground out 4-3 (Groundball, 4S, EV 70.0 MPH)
Batting: RHB Masaya Nakamura 0-0: Swinging Strike
0-1: Foul Ball, location: 2F
0-2: Foul Ball, location: 2F
0-2: Ball
1-2: Foul Ball, location: 2F
1-2: Ground out 4-3 (Groundball, 4M, EV 100.0 MPH)
Batting: SHB Justin Wallace 0-0: Ball
1-0: Foul Ball, location: 2F
1-1: Ball
2-1: Ball
3-1: Called Strike
3-2: Foul Ball, location: 2F
3-2: Foul Ball, location: 2F
3-2: Foul Ball, location: 2F
3-2: Strikes out swinging, 2-3 out at first.
Top of the 4th over - 0 runs, 0 hits, 0 errors, 0 left on base; Columbia 0 - Tulsa 1
BOTTOM OF THE 4TH
Tulsa Drillers batting - Pitching for Columbia Fireflies : RHP Jose Esquibel
Batting: RHB Aaron Burress 0-0: Called Strike
0-1: Fly out, F8 (Line Drive, 8LS, EV 96.2 MPH)
Batting: RHB Tony Rivera 0-0: Ball
1-0: Called Strike
1-1: Foul Ball, location: 2F
1-2: Ball
2-2: Ball
3-2: Base on Balls
Batting: RHB Daniel Samano 0-0: Called Strike
0-1: Called Strike
0-2: Ball
1-2: DOUBLE (Line Drive, 7LS, EV 99.4 MPH)
Tony Rivera to third
Runner from 3rd tries for Home, SAFE, no throw by LF
Batting: RHB Nick Getz 0-0: Called Strike
0-1: Ball
1-1: Fly out, F9 (Flyball, 9LSF, EV 70.6 MPH)
Batting: RHB Kyle Garrett 0-0: Ball
1-0: SINGLE (Groundball, 34D, EV 97.5 MPH)
Daniel Samano to third
Runner from 3rd tries for Home, SAFE, throw by RF to home
Batting: RHB Josh Crenwelge 0-0: Called Strike
0-1: Ball
1-1: Fielders Choice at 2nd, 5-4 (Groundball, 56, EV 84.4 MPH)
Bottom of the 4th over - 2 runs, 2 hits, 0 errors, 1 left on base; Columbia 0 - Tulsa 3
TOP OF THE 5TH
Columbia Fireflies batting - Pitching for Tulsa Drillers : LHP Jonathan Daniels
Batting: RHB Jose Lara 0-0: Ball
1-0: Foul Ball, location: 2F
1-1: Ball
2-1: Ball
3-1: SINGLE (Groundball, 4MD, EV 99.4 MPH)
Batting: LHB Tony Leyba 0-0: Called Strike
0-1: Ball
1-1: Fielders Choice at 2nd, 5-4 (Groundball, 56, EV 88.8 MPH)
Batting: RHB Dan Muse 0-0: Called Strike
Tony Leyba is caught stealing 2nd base 2-4
0-1: Ball
1-1: Called Strike
1-2: Strikes out swinging
Top of the 5th over - 0 runs, 1 hit, 0 errors, 0 left on base; Columbia 0 - Tulsa 3
BOTTOM OF THE 5TH
Tulsa Drillers batting - Pitching for Columbia Fireflies : RHP Jose Esquibel
Batting: LHB Kevin Wiebe 0-0: Called Strike
0-1: Ball
1-1: Called Strike
1-2: Strikes out swinging
Batting: SHB Justin Toth 0-0: Swinging Strike
0-1: Ball
1-1: Foul Ball, location: 2F
1-2: Ball
2-2: Strikes out looking
Batting: RHB Jonathan Kirsch 0-0: Ground out 4-3 (Groundball, 4, EV 83.8 MPH)
Bottom of the 5th over - 0 runs, 0 hits, 0 errors, 0 left on base; Columbia 0 - Tulsa 3
TOP OF THE 6TH
Columbia Fireflies batting - Pitching for Tulsa Drillers : LHP Jonathan Daniels
Batting: LHB Preston Knaak 0-0: Ball
1-0: Called Strike
1-1: Ball
2-1: Ball
3-1: DOUBLE (Line Drive, 9LS, EV 111.2 MPH)
Pitching: LHP William Lobo
Batting: RHB Omar Novoa 0-0: Called Strike
0-1: Ball
1-1: Ball
2-1: SINGLE (Groundball, 34D, EV 99.4 MPH)
Preston Knaak to third
Batting: RHB Elias Urbina 0-0: Ball
Omar Novoa steals 2nd base
1-0: Foul Ball, location: 2F
1-1: Ground out 4-3 (Groundball, 4M, EV 86.9 MPH)
Preston Knaak scores
Omar Novoa to third
Batting: SHB Masatoshi Akahoshi 0-0: Ball
1-0: TRIPLE (Line Drive, 9LD, EV 99.4 MPH)
Omar Novoa scores
Batting: RHB Masaya Nakamura 0-0: Ball
1-0: Called Strike
1-1: Ball
2-1: Foul Ball, location: 2F
2-2: Ball
3-2: Foul Ball, location: 2F
3-2: Base on Balls
Batting: SHB Justin Wallace 0-0: Called Strike
0-1: Ball
1-1: SINGLE (Groundball, 56D, EV 103.8 MPH)
Masatoshi Akahoshi scores
Masaya Nakamura to second
Batting: RHB Jose Lara 0-0: Ball
1-0: Called Strike
1-1: Ball
2-1: Fly out, F5 (Popup, 25F, EV 78.1 MPH)
Batting: LHB Tony Leyba 0-0: Called Strike
0-1: Ball
1-1: Swinging Strike
1-2: Foul Ball, location: 2F
1-2: Foul Ball, location: 2F
1-2: Ball
2-2: Foul Ball, location: 2F
2-2: Foul Ball, location: 2F
2-2: Ground out 4-3 (Groundball, 4D, EV 81.2 MPH)
Top of the 6th over - 3 runs, 4 hits, 0 errors, 2 left on base; Columbia 3 - Tulsa 3
BOTTOM OF THE 6TH
Tulsa Drillers batting - Pitching for Columbia Fireflies : RHP Jose Esquibel
Batting: RHB Aaron Burress 0-0: Ball
1-0: Ball
2-0: Ball
3-0: Base on Balls
Batting: RHB Tony Rivera 0-0: Ground out 5-3 (Groundball, 25, EV 67.5 MPH)
Aaron Burress to second
Batting: RHB Daniel Samano 0-0: Foul Ball, location: 2F
0-1: Swinging Strike
0-2: Strikes out swinging
Batting: RHB Nick Getz 0-0: Ball
1-0: Ball
2-0: Called Strike
2-1: Ball
3-1: Foul Ball, location: 2F
3-2: Fly out, F9 (Line Drive, 9S, EV 100.0 MPH)
Bottom of the 6th over - 0 runs, 0 hits, 0 errors, 1 left on base; Columbia 3 - Tulsa 3
TOP OF THE 7TH
Columbia Fireflies batting - Pitching for Tulsa Drillers : LHP William Lobo
Pitching: RHP Josh Weiser
Batting: RHB Dan Muse 0-0: Fly out, F9 (Flyball, 9D, EV 85.0 MPH)
Pitching: RHP Jeff Coates
Batting: LHB Preston Knaak 0-0: Ball
1-0: Ball
2-0: Foul Ball, location: 2F
2-1: Ball
3-1: Base on Balls
Batting: RHB Omar Novoa 0-0: Called Strike
0-1: Fly out, F8 (Flyball, 78M, EV 86.2 MPH)
Batting: RHB Elias Urbina 0-0: Called Strike
0-1: Ball
1-1: Ball
2-1: Ball
3-1: Swinging Strike
3-2: Strikes out swinging
Top of the 7th over - 0 runs, 0 hits, 0 errors, 1 left on base; Columbia 3 - Tulsa 3
BOTTOM OF THE 7TH
Tulsa Drillers batting - Pitching for Columbia Fireflies : RHP Jose Esquibel
Batting: RHB Kyle Garrett 0-0: Ground out 6-3 (Groundball, 6, EV 103.8 MPH)
Batting: RHB Josh Crenwelge 0-0: Called Strike
0-1: Ball
1-1: Fly out, F9 (Flyball, 9D, EV 96.2 MPH)
Batting: LHB Kevin Wiebe 0-0: Called Strike
0-1: Called Strike
0-2: Ball
1-2: Foul Ball, location: 2F
1-2: Foul Ball, location: 2F
1-2: Ball
2-2: Foul Ball, location: 2F
2-2: Strikes out swinging
Bottom of the 7th over - 0 runs, 0 hits, 0 errors, 0 left on base; Columbia 3 - Tulsa 3
TOP OF THE 8TH
Columbia Fireflies batting - Pitching for Tulsa Drillers : RHP Jeff Coates
Batting: SHB Masatoshi Akahoshi 0-0: Called Strike
0-1: Ball
1-1: Foul Ball, location: 2F
1-2: Ground out 6-3 (Groundball, 6, EV 105.0 MPH)
Batting: RHB Masaya Nakamura 0-0: Ball
1-0: Called Strike
1-1: Ball
2-1: Ball
3-1: Called Strike
3-2: Strikes out swinging
Batting: SHB Justin Wallace 0-0: Ball
1-0: Called Strike
1-1: Foul Ball, location: 2F
1-2: Foul Ball, location: 2F
1-2: Strikes out swinging
Top of the 8th over - 0 runs, 0 hits, 0 errors, 0 left on base; Columbia 3 - Tulsa 3
BOTTOM OF THE 8TH
Tulsa Drillers batting - Pitching for Columbia Fireflies : RHP Jose Esquibel
Pitching: RHP Amare Golden
Batting: SHB Justin Toth 0-0: Ball
1-0: Ball
2-0: Fly out, F7 (Flyball, 78S, EV 87.5 MPH)
Pinch Hitting: SHB Nate Kopchak 0-0: Foul Ball, location: 2F
0-1: Foul Ball, location: 2F
0-2: Ground out 3-1 (Groundball, 34, EV 85.6 MPH)
Batting: RHB Aaron Burress 0-0: Called Strike
0-1: Ball
1-1: Ball
2-1: Foul Ball, location: 2F
2-2: Ball
3-2: SINGLE (Line Drive, 9LS, EV 100.6 MPH)
Batting: RHB Tony Rivera 0-0: Foul Ball, location: 2F
0-1: Ball
1-1: Fly out, F8 (Flyball, 78M, EV 90.6 MPH)
Bottom of the 8th over - 0 runs, 1 hit, 0 errors, 1 left on base; Columbia 3 - Tulsa 3
TOP OF THE 9TH
Columbia Fireflies batting - Pitching for Tulsa Drillers : RHP Jeff Coates
Pitching: RHP Jordan Arredondo
Now at 1B: Robby Cuellar
Batting: RHB Jose Lara 0-0: Ball
1-0: Ball
2-0: SINGLE (Groundball, 34D, EV 96.9 MPH)
Batting: LHB Tony Leyba 0-0: Called Strike
0-1: Ball
1-1: Ball
2-1: Ball
3-1: Bunted foul
3-2: Fielders Choice at 2nd, 4-6 (Groundball, 4, EV 80.0 MPH)
Batting: RHB Dan Muse 0-0: Called Strike
0-1: Fielders Choice at 2nd, 3-6 (Groundball, 3, EV 83.8 MPH)
Batting: LHB Preston Knaak 0-0: Ball
Dan Muse is caught stealing 2nd base 2-6
Top of the 9th over - 0 runs, 1 hit, 0 errors, 0 left on base; Columbia 3 - Tulsa 3
BOTTOM OF THE 9TH
Tulsa Drillers batting - Pitching for Columbia Fireflies : RHP Amare Golden
Pitching: RHP Marvin Merino
Batting: RHB Daniel Samano 0-0: Ball
1-0: Ball
2-0: Called Strike
2-1: Foul Ball, location: 2F
2-2: Ball
3-2: Strikes out swinging
Batting: RHB Nick Getz 0-0: Called Strike
0-1: Foul Ball, location: 2F
0-2: Ball
1-2: Strikes out swinging, 2-3 out at first.
Batting: RHB Kyle Garrett 0-0: Ball
1-0: Called Strike
1-1: Ball
2-1: Ground out 3-1 (Groundball, 34S, EV 84.4 MPH)
Bottom of the 9th over - 0 runs, 0 hits, 0 errors, 0 left on base; Columbia 3 - Tulsa 3
TOP OF THE 10TH
Columbia Fireflies batting - Pitching for Tulsa Drillers : RHP Jordan Arredondo
Batting: LHB Preston Knaak 0-0: Called Strike
0-1: Ball
1-1: Swinging Strike
1-2: Strikes out swinging
Batting: RHB Omar Novoa 0-0: Ball
1-0: Called Strike
1-1: Ball
2-1: Ball
3-1: SINGLE (Groundball, 4S, EV 67.5 MPH) (infield hit)
Batting: RHB Elias Urbina 0-0: Called Strike
0-1: Bunted foul
0-2: Ball
1-2: SINGLE (Line Drive, 4M, EV 99.4 MPH)
Omar Novoa to second
Batting: SHB Masatoshi Akahoshi 0-0: Swinging Strike
0-1: Ball
Wild Pitch!
Omar Novoa to third
Elias Urbina to second
1-1: Foul Ball, location: 2F
1-2: Ball
2-2: DOUBLE (Line Drive, 9LM, EV 98.1 MPH)
Omar Novoa scores
Elias Urbina scores
Batting: RHB Masaya Nakamura 0-0: SINGLE (Line Drive, 9S, EV 90.0 MPH)
Masatoshi Akahoshi to third
Runner from 3rd tries for Home, SAFE, throw by RF to home
Masaya Nakamura to second
Batting: SHB Justin Wallace 0-0: Intentional Walk
Batting: RHB Jose Lara 0-0: Ball
1-0: Fielders Choice at 2nd, 1-4 (Groundball, 15S, EV 65.6 MPH)
Masaya Nakamura to third
Batting: LHB Tony Leyba 0-0: Called Strike
0-1: Called Strike
0-2: Ball
1-2: Foul Ball, location: 2F
1-2: Ball
2-2: Strikes out swinging
Top of the 10th over - 3 runs, 4 hits, 0 errors, 2 left on base; Columbia 6 - Tulsa 3
BOTTOM OF THE 10TH
Tulsa Drillers batting - Pitching for Columbia Fireflies : RHP Marvin Merino
Batting: RHB Josh Crenwelge 0-0: Called Strike
0-1: Ground out 5-3 (Groundball, 5, EV 83.8 MPH)
Pitching: LHP Ricardo Chavez
Batting: RHB Marcos Villalobos 0-0: Called Strike
0-1: Ball
1-1: SINGLE (Line Drive, 4D, EV 104.4 MPH)
Pitching: LHP Bubba Fields
Batting: SHB Justin Toth 0-0: Ball
1-0: Called Strike
1-1: Foul Ball, location: 2F
1-2: Ball
2-2: Foul Ball, location: 2F
2-2: Ball
3-2: Base on Balls
Marcos Villalobos to second
Batting: RHB Robby Cuellar 0-0: Ball
1-0: Ball
2-0: SINGLE (Groundball, 56D, EV 102.5 MPH)
Marcos Villalobos to third
Justin Toth to second
Batting: RHB Aaron Burress 0-0: Ball
1-0: Ball
2-0: Ball
3-0: Called Strike
3-1: GRAND SLAM HOME RUN (Flyball, 78XD, EV 98.8 MPH), Distance : 397 ft
Bottom of the 10th over - 4 runs, 3 hits, 0 errors, 0 left on base; Columbia 6 - Tulsa 7
Tuesday, March 28th , 2023 - OOTP Baseball 23.10 Build 110